Map: Sanctuary III LE

Players

MrCesander - Winner!

  • Race: Protoss Protoss
  • League: Grandmaster
  • Spawn Location: 7:00

RipNHammer

  • Race: Terran Terran
  • League: Master
  • Spawn Location: 1:00

VOD

Have the link to the VOD?

Description

Time

  • Played on: Sept. 6, 2026, 6:37 p.m.
  • Length: 23:21
Show
View Real Time Build Order
Export as new Build Order

MrCesander Protoss - Winner!

Build Orders:  

Get SALT Encoding   

  8  0:00  Probe (Chrono Boost)  
  9  0:12  Probe (Chrono Boost)  
  10  0:21  Probe (Chrono Boost)  
  11  0:26  Probe  
  12  0:33  Pylon  
  12  0:38  Probe  
  13  0:51  Probe  
  13  0:56  Gateway  
  14  1:03  Probe (Chrono Boost)  
  15  1:07  Assimilator  
  15  1:14  Probe (Chrono Boost)  
  16  1:19  Probe (Chrono Boost)  
  17  1:46  Nexus  
  17  1:58  Cybernetics Core  
  17  2:02  Probe  
  18  2:12  Pylon  
  18  2:17  Probe  
  19  2:23  Assimilator  
  19  2:29  Probe  
  20  2:32  Stalker (Chrono Boost)  
  22  2:37  Warp Gate  
  22  2:41  Probe  
  23  2:56  Probe (Chrono Boost)  
  23  2:58  Sentry, Probe (Chrono Boost)  
  27  3:08  Probe (Chrono Boost)  
  27  3:09  Probe (Chrono Boost)  
  28  3:13  Probe (Chrono Boost)  
  28  3:15  Shield Battery  
  28  3:18  Probe (Chrono Boost)  
  30  3:21  Pylon  
  30  3:24  Probe (Chrono Boost)  
  33  3:35  Probe x2 (Chrono Boost), Twilight Council  
  33  3:40  Probe (Chrono Boost)  
  33  3:41  Probe  
  35  3:49  Stalker  
  35  3:51  Probe  
  35  3:54  Probe  
  39  4:03  Probe  
  39  4:06  Probe  
  41  4:11  Gateway  
  41  4:15  Probe  
  44  4:18  Probe  
  44  4:20  Blink (Chrono Boost)  
  45  4:26  Pylon  
  45  4:27  Probe  
  45  4:30  Stalker  
  46  4:32  Gateway  
  46  4:33  Probe  
  47  4:39  Probe  
  47  4:43  Stalker  
  47  4:44  Robotics Facility  
  50  4:48  Shield Battery  
  50  4:52  Assimilator  
  51  4:57  Sentry  
  52  5:01  Probe  
  52  5:03  Pylon, Probe  
  54  5:09  Pylon  
  54  5:10  Assimilator, Pylon  
  54  5:13  Probe  
  55  5:15  Stalker, Probe  
  58  5:25  Probe, Stalker  
  58  5:27  Probe  
  62  5:33  Stalker  
  64  5:37  Probe  
  64  5:39  Observer (Chrono Boost)  
  64  5:40  Probe  
  67  5:49  Probe  
  68  5:51  Observer (Chrono Boost)  
  68  5:52  Probe  
  70  6:01  Probe  
  70  6:05  Probe  
  70  6:10  Stalker x2  
  75  6:13  Observer  
  75  6:14  Nexus  
  76  6:20  Stalker  
  77  6:28  Stalker x2  
  77  6:32  Probe, Robotics Bay  
  82  6:37  Forge  
  81  6:45  Probe  
  82  6:54  Pylon  
  82  6:55  Pylon  
  82  7:03  Gateway  
  82  7:05  Gateway  
  82  7:07  Pylon  
  82  7:08  Pylon  
  82  7:10  Pylon  
  82  7:12  Zealot x3, Probe x2  
  90  7:16  Protoss Ground Armor Level 1 (Chrono Boost)  
  90  7:24  Probe x2  
  90  7:26  Zealot  
  90  7:27  Gateway, Zealot  
  90  7:28  Zealot  
  90  7:29  Gateway  
  98  7:32  Shield Battery  
  98  7:37  Photon Cannon  
  98  7:39  Colossus (Chrono Boost)  
  104  7:48  Probe x2  
  106  7:52  Phoenix  
  106  7:55  Probe  
  107  8:00  Probe  
  107  8:02  Gateway  
  107  8:05  Gateway  
  108  8:07  Sentry  
  108  8:08  Zealot  
  108  8:09  Extended Thermal Lance (Chrono Boost)  
  108  8:10  Photon Cannon  
  112  8:18  Probe  
  113  8:26  Zealot x3  
  119  8:28  Probe  
  119  8:31  Shield Battery  
  120  8:36  Sentry  
  120  8:37  Stalker x2  
  126  8:46  Pylon  
  126  8:54  Stalker x4  
  133  9:05  Pylon  
  133  9:06  Pylon  
  133  9:07  Pylon  
  139  9:11  Probe  
  140  9:18  Probe  
  140  9:23  Probe  
  137  9:24  Protoss Ground Armor Level 2 (Chrono Boost)  
  137  9:29  Colossus (Chrono Boost)  
  137  9:30  Nexus  
  137  9:34  Pylon  
  137  9:37  Pylon  
  137  9:38  Photon Cannon  
  137  9:40  Pylon, Probe  
  137  9:43  Pylon  
  137  9:44  Assimilator  
  138  9:51  Assimilator  
  138  9:56  Pylon  
  138  10:00  Assimilator  
  138  10:01  Templar Archives  
  138  10:02  Assimilator, Probe  
  138  10:03  Pylon  
  138  10:05  Probe x2  
  141  10:07  Gateway  
  141  10:08  Gateway  
  141  10:14  Probe  
  141  10:16  Pylon  
  141  10:17  Disruptor (Chrono Boost)  
  141  10:19  Nexus  
  146  10:24  Robotics Facility  
  146  10:25  Gravitic Boosters (Chrono Boost)  
  144  10:31  Pylon  
  144  10:32  Probe (Chrono Boost)  
  144  10:33  Psionic Storm  
  145  10:40  Probe (Chrono Boost)  
  145  10:42  Probe (Chrono Boost)  
  148  10:44  Probe x2 (Chrono Boost)  
  148  10:49  High Templar  
  152  10:51  Probe (Chrono Boost)  
  152  10:52  Probe (Chrono Boost)  
  152  10:53  Shield Battery, Probe (Chrono Boost)  
  152  10:54  Photon Cannon, Probe (Chrono Boost)  
  152  10:55  Probe (Chrono Boost)  
  155  10:57  Probe (Chrono Boost)  
  155  10:58  Probe  
  158  11:04  Probe  
  158  11:06  Probe  
  158  11:11  Zealot x5  
  166  11:19  Zealot x3  
  162  11:40  Zealot x2  
  162  11:41  Zealot x5, Disruptor (Chrono Boost)  
  162  11:44  Disruptor (Chrono Boost)  
  180  11:49  Probe x4  
  180  11:52  Charge (Chrono Boost)  
  180  11:54  Protoss Ground Armor Level 3 (Chrono Boost)  
  184  12:01  Forge  
  184  12:10  High Templar, Pylon  
  184  12:11  Photon Cannon  
  184  12:12  Photon Cannon  
  184  12:14  Shield Battery  
  186  12:16  Shield Battery  
  151  12:34  Colossus x2  
  151  12:35  Protoss Ground Weapons Level 1 (Chrono Boost)  
  153  12:38  Sentry, Zealot x3  
  153  12:39  Zealot x4  
  169  12:47  Dark Shrine  
  169  12:48  Assimilator  
  169  12:52  Assimilator  
  169  12:54  Pylon  
  169  12:59  High Templar  
  169  13:00  High Templar x2  
  175  13:06  High Templar  
  175  13:09  Stalker  
  179  13:13  Nexus  
  179  13:14  Pylon  
  179  13:25  Observer  
  179  13:32  Pylon  
  180  13:36  Colossus  
  180  13:39  Observer  
  180  13:40  High Templar x2  
  185  13:41  Pylon  
  185  13:45  High Templar, Zealot  
  185  13:46  Zealot x2  
  199  13:49  Pylon  
  199  13:55  Shadow Stride (Chrono Boost)  
  199  13:56  Probe, Photon Cannon  
  199  13:57  Photon Cannon  
  199  14:01  Stargate, Photon Cannon x2  
  200  14:04  Shield Battery, Pylon  
  200  14:05  Pylon  
  166  14:28  Immortal (Chrono Boost)  
  160  14:33  Protoss Shields Level 1 (Chrono Boost)  
  160  14:34  High Templar x2  
  160  14:35  High Templar, Protoss Ground Weapons Level 2 (Chrono Boost)  
  160  14:38  Protoss Air Weapons Level 1 (Chrono Boost)  
  172  14:44  Immortal (Chrono Boost)  
  172  14:45  Stargate  
  172  14:50  Fleet Beacon  
  172  14:58  High Templar  
  174  15:03  Disruptor (Chrono Boost)  
  172  15:09  Stalker  
  172  15:10  Stalker x5  
  172  15:11  Photon Cannon  
  172  15:12  Assimilator  
  184  15:16  Pylon  
  184  15:17  Pylon  
  184  15:19  Observer, Assimilator  
  185  15:25  Nexus  
  185  15:27  Assimilator  
  185  15:29  Assimilator  
  185  15:30  Tempest (Chrono Boost)  
  185  15:32  Disruptor, Pylon  
  185  15:34  Pylon  
  193  15:36  Pylon  
  193  15:37  Immortal  
  197  15:59  Zealot  
  199  16:15  Disruptor x2  
  193  16:34  Protoss Shields Level 2 (Chrono Boost)  
  193  16:41  Robotics Facility  
  193  16:43  Robotics Facility  
  193  16:45  Stargate  
  193  16:46  Stargate  
  193  16:49  Disruptor (Chrono Boost)  
  197  16:58  Protoss Ground Weapons Level 3 (Chrono Boost)  
  197  17:01  Nexus  
  197  17:04  Assimilator  
  197  17:06  Assimilator  
  196  17:16  Observer  
  197  17:48  Oracle  
  197  17:51  Pylon  
  200  17:52  Pylon  
  200  17:55  Pylon  
  198  18:32  Unknown  
  194  18:39  High Templar x2  
  192  18:54  Tempest x4  
  188  18:59  Zealot  
  188  19:00  Zealot x5  
  190  19:10  Zealot x2  
  141  19:24  Protoss Air Weapons Level 2 (Chrono Boost)  
  141  19:26  Zealot x5  
  141  19:27  Zealot x2  
  141  19:28  Colossus x2  
  156  19:34  Probe x5  
  156  19:35  Probe  
  156  19:37  Tempest x3  
  172  19:44  Tempest  
  161  19:46  Probe x5  
  161  19:47  Probe  
  160  19:57  High Templar x4  
  160  19:58  Zealot x4  
  160  19:59  Zealot x3, Probe x2 (Chrono Boost)  
  180  20:01  Archon  
  180  20:02  Archon  
  180  20:06  Probe (Chrono Boost)  
  177  20:08  Protoss Shields Level 3 (Chrono Boost)  
  177  20:11  Probe x2 (Chrono Boost)  
  172  20:16  Probe (Chrono Boost)  
  172  20:18  Stalker x4  
  172  20:19  Stalker, Tempest x2  
  172  20:20  Tempest  
  172  20:21  Probe (Chrono Boost)  
  196  20:33  Nexus  
  190  20:39  Tempest  
  192  20:48  Zealot x3  
  192  20:49  Zealot  
  189  20:51  High Templar x2  
  193  20:58  High Templar x3  
  193  21:01  Probe  
  200  21:06  Photon Cannon  
  200  21:07  Shield Battery  
  200  21:08  Zealot x2, Shield Battery  
  188  21:12  Zealot x4  
  192  21:34  High Templar x2  
  192  21:35  High Templar  
  194  22:03  Carrier  
  194  22:06  Shield Battery x2  
  194  22:07  Probe (Chrono Boost), Shield Battery  
  199  22:08  Shield Battery x2  
  199  22:10  Photon Cannon  
  199  22:17  Probe (Chrono Boost)  
  198  22:34  Tempest x2  
  194  22:37  Archon  
  194  22:43  Observer  
  175  23:14  Zealot x7  
  175  23:15  Zealot  
Show
View Real Time Build Order
Export as new Build Order

RipNHammer Terran 

Build Orders: Reaper Expand 

Get SALT Encoding   

  8  0:00  SCV  
  9  0:12  SCV  
  10  0:24  SCV  
  11  0:37  SCV  
  11  0:39  Supply Depot  
  12  0:49  SCV  
  13  1:01  SCV  
  13  1:02  Barracks  
  14  1:08  Refinery  
  14  1:13  SCV  
  15  1:25  SCV  
  16  1:37  SCV  
  17  1:51  Orbital Command  
  17  1:54  Reaper  
  18  2:08  Command Center  
  18  2:19  SCV  
  19  2:32  Factory  
  19  2:37  SCV  
  19  2:40  Bunker  
  20  2:47  Supply Depot, Barracks Reactor  
  20  2:54  SCV  
  21  3:00  Refinery  
  21  3:08  SCV  
  22  3:20  SCV  
  22  3:23  Starport  
  22  3:25  Marine x2  
  25  3:32  SCV  
  25  3:33  Factory Tech Lab  
  26  3:36  Orbital Command  
  26  3:51  Marine  
  26  3:52  Marine  
  26  3:53  Cyclone  
  31  3:59  SCV  
  31  4:01  Starport Tech Lab  
  32  4:03  SCV  
  32  4:09  Barracks  
  33  4:12  SCV  
  33  4:16  Marine x2  
  36  4:18  SCV  
  36  4:23  Supply Depot  
  37  4:26  Banshee  
  40  4:33  SCV  
  40  4:34  SCV  
  42  4:44  Marine x2  
  44  4:46  Supply Depot  
  44  4:48  Siege Tank  
  44  4:52  SCV  
  48  4:53  SCV  
  48  4:59  Supply Depot  
  49  5:02  Marine  
  49  5:04  Cloaking Field  
  50  5:07  Marine  
  51  5:14  Engineering Bay, Banshee  
  51  5:18  SCV  
  55  5:34  Marine x2  
  57  5:36  Factory Reactor  
  57  5:41  Stimpack  
  57  5:46  Marine  
  57  5:47  SCV  
  57  5:48  SCV  
  60  5:51  Marine  
  61  5:59  SCV, Refinery  
  61  6:00  Refinery  
  61  6:01  Supply Depot  
  62  6:04  SCV  
  63  6:11  SCV  
  61  6:22  SCV, Marine  
  61  6:23  SCV  
  64  6:28  Command Center  
  64  6:32  Marine x2  
  66  6:40  Marine  
  66  6:41  Barracks  
  66  6:45  Medivac x2  
  66  6:46  SCV  
  69  6:47  Terran Infantry Weapons Level 1, SCV  
  69  6:50  Engineering Bay, Marine x2  
  71  7:03  SCV  
  72  7:13  Marine x2  
  74  7:16  Supply Depot  
  74  7:29  Marine, Medivac x2, Siege Tank  
  82  7:30  Supply Depot  
  82  7:32  Terran Infantry Armor Level 1  
  82  7:33  Supply Depot  
  82  7:36  Armory, Marine  
  83  7:43  Combat Shield  
  83  7:48  Marauder  
  85  7:54  Marine  
  86  7:59  Barracks Reactor, SCV  
  86  8:01  Barracks  
  86  8:02  Viking, SCV  
  90  8:07  Marine  
  90  8:09  Marauder  
  90  8:11  SCV  
  94  8:22  Siege Tank  
  94  8:23  Viking  
  94  8:24  SCV  
  100  8:30  Marauder  
  100  8:32  Barracks  
  100  8:33  Starport  
  102  8:37  Orbital Command  
  102  8:45  Marine x2  
  102  8:46  Viking  
  106  8:52  Marauder  
  108  8:58  Marine, Barracks Tech Lab  
  108  8:59  SCV  
  108  9:00  Siege Tank  
  108  9:01  SCV  
  112  9:11  Marine x2  
  112  9:12  Marine  
  112  9:13  Marauder  
  112  9:22  Orbital Command  
  112  9:27  Marine  
  112  9:28  Marauder  
  112  9:29  Marine  
  112  9:30  Medivac, Viking  
  112  9:31  SCV  
  111  9:34  Concussive Shells  
  111  9:35  Drilling Claws, Widow Mine  
  111  9:36  SCV  
  114  9:42  Marine, Marauder  
  114  9:43  SCV  
  114  9:44  Marine  
  119  9:47  Starport Reactor  
  119  9:48  SCV  
  119  9:49  Marauder  
  119  9:53  Refinery  
  119  9:55  SCV  
  120  10:00  Refinery  
  120  10:01  SCV  
  120  10:05  Supply Depot  
  120  10:06  Missile Turret  
  121  10:07  Marine, SCV, Marauder  
  121  10:08  Sensor Tower  
  121  10:12  Marauder  
  127  10:20  Supply Depot  
  127  10:21  Terran Infantry Weapons Level 2  
  127  10:22  SCV x2  
  129  10:32  Supply Depot  
  129  10:34  SCV x3  
  132  10:38  Widow Mine, Marine x2, Marauder  
  132  10:39  Barracks Reactor  
  138  10:46  SCV x2  
  140  10:52  Marine  
  140  10:53  Marine, Marauder  
  140  10:54  Medivac, Viking  
  140  10:55  SCV, Terran Infantry Armor Level 2  
  149  10:58  SCV  
  149  10:59  SCV  
  150  11:08  Marine x2, Marauder  
  146  11:15  Marauder  
  140  11:26  Marine  
  140  11:27  Marine x2  
  140  11:30  Marauder  
  138  11:33  Marine  
  138  11:34  Marine  
  138  11:35  Marine, Medivac  
  138  11:36  Viking x2, Marauder, SCV  
  142  11:45  Viking, Supply Depot  
  144  11:47  Command Center  
  144  11:49  Widow Mine  
  144  11:51  Marauder  
  144  11:53  Marine x3  
  144  11:54  Marine x3  
  152  11:55  SCV  
  152  11:57  SCV, Marauder  
  152  11:58  SCV  
  159  12:06  Missile Turret, Viking  
  161  12:08  SCV  
  161  12:10  Supply Depot  
  161  12:11  Marine x2  
  161  12:12  Marauder  
  161  12:13  Supply Depot  
  161  12:14  Supply Depot  
  165  12:15  Ghost Academy  
  165  12:19  Marauder  
  133  12:38  Marine x2  
  133  12:39  SCV  
  133  12:40  Marine x2  
  133  12:41  Medivac, Liberator  
  133  12:42  Liberator x2, SCV  
  152  12:46  Widow Mine  
  152  12:51  Ghost x2, Barracks  
  154  13:00  Command Center  
  154  13:02  SCV  
  155  13:06  Missile Turret  
  155  13:07  Hellion  
  155  13:09  Marine x2  
  155  13:10  Marine x4  
  155  13:11  SCV  
  164  13:14  Sensor Tower  
  164  13:17  Liberator  
  164  13:19  Terran Infantry Weapons Level 3, Terran Infantry Armor Level 3  
  167  13:20  Terran Ship Weapons Level 1, Marauder, SCV  
  167  13:26  Marauder, Liberator  
  175  13:27  Marine  
  175  13:29  Widow Mine  
  175  13:30  Fusion Core  
  178  13:38  Marine, Command Center  
  178  13:41  Medivac  
  181  13:42  Marauder, Viking  
  181  13:43  SCV  
  186  13:50  Supply Depot, Widow Mine  
  188  13:56  SCV x2  
  188  13:57  SCV  
  188  13:59  Refinery  
  191  14:03  Refinery  
  191  14:06  Barracks Tech Lab  
  191  14:09  Ghost, Supply Depot  
  190  14:13  Supply Depot  
  183  14:28  SCV  
  169  14:31  Marine  
  169  14:32  Marauder  
  169  14:36  Medivac, Liberator  
  169  14:37  Liberator  
  172  14:40  Sensor Tower  
  172  14:41  SCV x2, Missile Turret  
  172  14:42  Marine x3, Marauder  
  172  14:43  Marine x2, Marauder  
  172  14:44  Medivac  
  185  14:46  Widow Mine  
  185  14:52  Command Center  
  187  14:53  Marauder  
  187  14:58  Supply Depot  
  187  15:02  Missile Turret  
  187  15:09  Refinery  
  187  15:14  Caduceus Reactor  
  187  15:15  Cyclone, Missile Turret  
  187  15:17  Missile Turret  
  190  15:26  Personal Cloaking  
  190  15:29  SCV  
  191  15:37  Supply Depot, Planetary Fortress  
  191  15:40  Missile Turret  
  191  15:48  Sensor Tower  
  194  15:56  Widow Mine  
  193  16:01  Terran Ship Weapons Level 2  
  193  16:02  SCV  
  194  16:10  Advanced Ballistics  
  194  16:17  Barracks  
  194  16:18  Command Center  
  194  16:26  Barracks  
  194  16:39  Liberator x2  
  200  16:57  Command Center  
  198  17:29  Barracks Reactor  
  193  17:43  Ghost x3  
  199  17:48  Command Center  
  199  17:50  Neosteel Armor  
  199  17:51  Missile Turret  
  199  17:55  Missile Turret  
  199  17:59  Sensor Tower  
  197  18:37  Cyclone  
  198  18:52  Marine  
  198  18:53  Marine x2, Ghost, Marauder x2  
  198  18:54  Viking x2  
  175  19:03  Marine x4  
  175  19:09  Marine  
  173  19:14  Ghost x2  
  173  19:15  Marine  
  173  19:16  Marine x3  
  168  19:20  Marine  
  168  19:21  Marine  
  168  19:22  Marauder  
  157  19:36  Marine x2  
  159  19:43  Marauder x2  
  159  19:44  Marauder  
  162  19:51  Marine  
  155  20:04  Marauder  
  155  20:05  Marauder x2  
  161  20:17  Marine  
  161  20:18  Marine x4  
  161  20:19  SCV  
  165  20:25  SCV  
  165  20:26  Marauder x3  
  170  20:47  Marauder x2  
  170  20:49  SCV  
  175  20:50  Refinery  
  175  20:52  Viking  
  175  20:53  SCV  
  175  20:55  Planetary Fortress  
  178  21:00  Ghost, Marine  
  178  21:01  Marine  
  178  21:02  Liberator, Viking x2  
  189  21:08  Ghost  
  189  21:09  Marauder  
  161  21:14  Marine  
  161  21:15  Marine x2  
  150  21:21  Marine x2  
  144  21:27  Viking  
  144  21:29  Ghost  
  144  21:30  Marauder  
  144  21:32  Viking x2  
  144  21:35  Marine  
  144  21:36  SCV  
  144  21:37  Marauder  
  150  21:45  Viking, Marine x2  
  150  21:46  Marine  
  155  21:48  Marine  
  155  21:51  Marauder  
  155  21:53  SCV  
  159  21:55  SCV  
  159  21:56  SCV  
  159  21:57  Viking  
  159  21:58  Marauder x2  
  155  22:05  Viking x2  
  151  22:10  SCV  
  151  22:15  Viking  
  154  22:20  SCV, Marine x2  
  154  22:21  Marauder  
  156  22:27  Viking  
  128  22:39  Marauder  
  128  22:40  Viking x2  
  114  22:45  Viking  
  114  22:46  Marine x3, Marauder  
Tags
 
Add a new tag
Caveats
  • Supply blocks, unpowered buildings, or Contaminate may cause inaccurate times.
  • Supply counts are checked every 10 seconds.